 Dungeon Sprint DCSS version 0.21.1-1-g345015f (webtiles) character file.

100 Fang the Cleaver (level 4, -6/47 HPs)
             Began as a Minotaur Berserker on Apr 23, 2018.
             Was a Priest of Trog.
             Mangled by an ice devil (13 damage)
             ... summoned by a kobold demonologist
             ... in the Dungeon (Sprint III: "The Ten Rune Challenge").
             The game lasted 00:00:30 (254 turns).

Fang the Cleaver (Minotaur Berserker)                Turns: 254, Time: 00:00:31

Health: -6/47      AC:  2    Str: 22    XL:     4   Next: 46%
Magic:  3/3        EV: 13    Int:  4    God:    Trog [***...]
Gold:   0          SH:  0    Dex: 10    Spells: 3/3 levels left

rFire    . . .     SeeInvis .   a - +0 hand axe
rCold    . . .     Gourm    .   (no shield)
rNeg     . . .     Faith    .   b - +0 animal skin
rPois    .         Spirit   .   (helmet restricted)
rElec    .         Reflect  .   (no cloak)
rCorr    .         Harm     .   (no gloves)
MR       .....     NoTele   +   (no boots)
Stlth    +.........             (no amulet)
HPRegen  0.15/turn              (no ring)
MPRegen  0.08/turn              (no ring)

@: berserk cooldown, slowed, very slow
A: retaliatory headbutt, horns 2
a: Berserk, Trog's Hand, Burn Spellbooks, Renounce Religion


You were in the Dungeon.
You worshipped Trog.
Trog was most pleased with you.
You were not hungry.

You visited 1 branch

Inventory:

Hand Weapons
 a - a +0 hand axe (weapon)
Armour
 b - a +0 animal skin (worn)
Scrolls
 i - 2 scrolls of blinking
 j - a scroll of remove curse {unknown}
Potions
 d - a potion of curing
 e - a potion of heal wounds
 f - a potion of haste
 g - 2 potions of magic
 h - a potion of berserk rage
Comestibles
 c - a ration
 k - a chunk of flesh


   Skills:
 + Level 7.1 Fighting
 + Level 8.0 Axes
 + Level 4.1 Armour
 + Level 3.7 Dodging
 + Level 0.7 Stealth


You had 3 spell levels left.
You didn't know any spells.

Dungeon Overview and Level Annotations

Branches:
Dungeon (1/1)

Altars:
Kikubaaqudgha
Sif Muna
Vehumet


Innate Abilities, Weirdness & Mutations

You reflexively headbutt those who attack you in melee.
You have a pair of horns on your head.


Message History

You feel your anger nearly subside.
The door flies open with a bang!
A wizard comes into view. It is wielding a dagger.
You are no longer berserk.
You are exhausted.
You feel yourself slow down.
The wizard shouts!
You hear a shout!
Found a metal-bound book.
Found three altars.
A kobold demonologist comes into view. It is wielding a dagger.
The kobold demonologist mumbles some strange words.
Some of the chunks of flesh in your inventory have rotted away.
There's a creature in the doorway!
You hit the ice devil.
The ice devil is lightly wounded.
The ice devil misses you. You furiously retaliate!
You headbutt the ice devil, but do no damage.
You barely miss the ice devil. Your headbutt misses the ice devil.
The ice devil is lightly wounded.
The ice devil hits you!
You die...

.#...#### ##.#
.#......## #..#
##.......# #..#
.##.##...# #..###+#+###
.##.###..# +#..#........
####.##..# #...'.⌠......
##..##..####...#...#####
....##..###....#.⌠.#
#..##...##.....#@..#
..##....#......#4###
.###..##.#.....#pK .#
#.. ####....#___ ▓▓ ▓▓▓
▓▓▓▓▓▓▓▓▓▓


You could see an ice devil, a wizard and a kobold demonologist.

Vanquished Creatures
  A water elemental (D)
  A human (D)
  A wolf (D)
  An ooze (D)
  3 rats (D)
7 creatures vanquished.

Vanquished Creatures (others)
  A draconian scorcher (D)
  6 hellions (D)
7 creatures vanquished.

Grand Total: 14 creatures vanquished

Notes
Turn   | Place    | Note
-------+----------+-------------------------------------------
     0 | D        | Fang the Minotaur Berserker began the quest for the Orb.
     0 | D        | Reached XP level 1. HP: 19/19 MP: 0/0
    13 | D        | Reached skill level 4 in Axes
    34 | D        | Reached ** piety under Trog
    57 | D        | Noticed a wolf
    61 | D        | Killed a wolf
    61 | D        | Reached skill level 5 in Fighting
    61 | D        | Reached skill level 5 in Axes
    61 | D        | Reached XP level 2. HP: 11/29 MP: 1/1
    64 | D        | Reached skill level 6 in Axes
    64 | D        | Reached XP level 3. HP: 22/37 MP: 2/2
    86 | D        | Killed a hellion
    87 | D        | Killed a hellion
    97 | D        | Killed a hellion
   121 | D        | Killed a hellion
   123 | D        | Killed a hellion
   191 | D        | Killed a white draconian scorcher
   227 | D        | Killed a hellion
   241 | D        | Noticed a water elemental
   246 | D        | Killed a water elemental
   246 | D        | Reached *** piety under Trog
   246 | D        | Reached skill level 8 in Axes
   246 | D        | Reached XP level 4. HP: 9/47 MP: 3/3
   250 | D        | Found a radiant altar of Vehumet.
   250 | D        | Found a deep blue altar of Sif Muna.
   250 | D        | Found an ancient bone altar of Kikubaaqudgha.
   250 | D        | Noticed a wizard
   253 | D        | Noticed an ice devil
   254 | D        | Mangled by an ice devil

Skill      XL: |  1  2  3 |
---------------+----------+-----
Fighting       | 5 7 |  7.1
Axes           | 5 6 8 |  8.0
Armour         | 3 4 |  4.1
Dodging        | 3 |  3.7
Stealth        | |  0.7

Action                   |  1- 3 |  4- 6 || total
-------------------------+-------+-------++-------
Melee: Hand axe          |    15 |     2 ||    17
       Headbutt          |     2 |       ||     2
Invok: Berserk           |     2 |       ||     2
 Stab: Sleeping          |     1 |       ||     1
Dodge: Dodged            |    16 |     1 ||    17
